 Dungeon Crawl Stone Soup version 0.30-a0-867-g305f33218d (webtiles) character file.

Game seed: 685981537788488589

611 bande the Chopper (level 7, -5/44 HPs)
             Began as a Gargoyle Fighter on Mar 11, 2023.
             Slain by a mummy (12 damage)
             ... in an ossuary.
             The game lasted 00:06:41 (3802 turns).

bande the Chopper (Gargoyle Fighter)                Turns: 3802, Time: 00:06:41

Health: -5/44      AC: 16    Str: 19    XL:     7   Next: 43%
Magic:  7/7        EV:  7    Int:  9    God:
Gold:   209        SH:  5    Dex: 17    Spells: 6/6 levels left

rFire   . . .      SeeInvis .    a - +1 war axe
rCold   . . .      Faith    .    c - +0 buckler
rNeg    + . .      Spirit   .    j - +0 chain mail
rPois   ∞          Reflect  .    (no helmet)
rElec   +          Rampage  .    n - +1 cloak
rCorr   .                        (no gloves)
Will    .....                    (no boots) Stlth
                                 (no amulet)
HPRegen 0.27/turn                e - +6 ring of dexterity
MPRegen 0.10/turn                (no ring)

@: no status effects
A: sickness immunity, AC +4, negative energy resistance 1, electricity
resistance, torment resistance 1, petrification resistance
a: no special abilities


You were in an ossuary.
You visited 1 branch of the dungeon, and saw 4 of its levels.
You also visited: Ossuary.

You collected 209 gold pieces.

Inventory:

Hand Weapons
 a - a +1 war axe (weapon)
 m - a +0 morningstar of venom
Missiles
 p - 2 throwing nets (quivered)
Armour
 c - a +0 buckler (worn)
 j - a +0 chain mail (worn)
 n - a +1 cloak (worn)
Jewellery
 e - a +6 ring of dexterity (left hand)
Scrolls
 b - a scroll of amnesia
 f - a scroll of brand weapon {unknown}
 i - a scroll of teleportation
 o - a scroll of fear {unknown}
Potions
 d - a potion of might
 g - a potion of flight
 h - 2 potions of curing
 k - a potion of attraction {unknown}
 l - a potion of brilliance


   Skills:
 + Level 4.9 Fighting
 + Level 5.7 Axes
 + Level 4.4 Armour
 + Level 4.1 Shields


You had 6 spell levels left.
You didn't know any spells.
Your spell library contained the following spells:

 Spells                   Type           Power      Damage    Failure   Level
 Lesser Beckoning         Tloc           0%         N/A       100%        2
 Scorch                   Fire           0%         2d5       100%        2
 Call Canine Familiar     Summ           0%         N/A       100%        3
 Gell's Gravitas          Tloc           0%         N/A       100%        3
 Portal Projectile        Hex/Tloc       0%         N/A       100%        3
 Teleport Other           Tloc           0%         N/A       100%        3
 Flame Wave               Conj/Fire      0%         2d4       100%        4
 Leda's Liquefaction      Hex/Erth       0%         N/A       100%        4
 Petrify                  Tmut/Erth      0%         N/A       100%        4
 Metabolic Englaciation   Hex/Ice        0%         N/A       100%        5
 Summon Cactus Giant      Summ           0%         N/A       100%        6
 Statue Form              Tmut/Erth      Unusable   N/A       N/A         6

Dungeon Overview and Level Annotations

Branches:
Dungeon (4/15)            Ossuary (1/1)
 Temple: D:4-7

Altars:
Gozag

Annotations:
D:3 3 runed translucent doors, xian's ghost, amateur DsRe


Innate Abilities, Weirdness & Mutations

You are immune to sickness and miasma.
Your stone body is resilient. (AC +4)
You are immune to poison.
You resist negative energy. (rN+)
You are resistant to electric shocks. (rElec)
You are resistant to unholy torment.
You are immune to petrification.


Message History

A mummy comes into view.
You barely miss the orc skeleton.
The orc skeleton is severely damaged.
The orc skeleton hits you but does no damage.
You slash the orc skeleton!
You destroy the orc skeleton!
A mummy comes into view.
The mummy barely misses you.
You hit the mummy.
The mummy is lightly damaged.
The mummy barely misses you.
You slash the mummy!
The mummy is severely damaged.
The mummy closely misses you.
You hit the mummy.
The mummy is almost destroyed.
You hit the mummy.
The mummy is almost destroyed.
The mummy hits you but does no damage.
You hit the mummy but do no damage.
The mummy is almost destroyed.
You hit the mummy. The mummy hits you but does no damage. The mummy hits you!
You are too injured to fight recklessly!
You are too injured to fight recklessly!
You are too injured to fight recklessly!
You are too injured to fight recklessly!
You are too injured to fight recklessly!
You are too injured to fight recklessly!
You are too injured to fight recklessly!
You are too injured to fight recklessly!
You are too injured to fight recklessly!
You are too injured to fight recklessly!
You hit the mummy.
You destroy the mummy!
The mummy hits you but does no damage. The mummy hits you!
* * * LOW HITPOINT WARNING * * *
You slash the mummy!
The mummy is almost destroyed.
You hit the mummy. The mummy hits you!
You die...

##....## ##..##..##
##..####..##
##..######..##
##..##....##..##
##..##..##..##..##
##..##..####..##..##
##..##..######..##..##
##..##..##M@..##..##..##
##.^##..##.M##..##..##..##
##..##..##..#
##..##..##..##
##..##..##..#
##..##..##..##
##..##..##..#
##..##..##..##
##..##.^##..#
##..##..##..# #..##..##..#
##..##..##.. ..##..## .#
##..##..##. .##..##
##..##..##


You could see 2 mummies.

Vanquished Creatures
  Grinder (D:3)
  Menkaure (Ossuary)
  A black bear (D:4)
  A mummy (Ossuary)
  4 gnolls (D:4)
  3 adders
  3 worms
  3 dart slugs
  4 orcs
  5 ball pythons
  5 bats
  8 endoplasms
  3 goblins
  2 hobgoblins
  6 jackals
  3 quokkas
  A frilled lizard (D:1)
  5 gnoll skeletons (Ossuary)
  3 gnoll zombies (Ossuary)
  4 goblin skeletons (Ossuary)
  6 goblin zombies (Ossuary)
  3 hobgoblin skeletons (Ossuary)
  3 hobgoblin zombies (Ossuary)
  7 kobolds
  4 kobold skeletons (Ossuary)
  6 kobold zombies (Ossuary)
  4 orc skeletons (Ossuary)
  3 orc zombies (Ossuary)
  23 rats
  4 rat skeletons (Ossuary)
  4 rat zombies (Ossuary)
133 creatures vanquished.

Notes
Turn   | Place    | Note
-------+----------+-------------------------------------------
     0 | D:1      | bande the Gargoyle Fighter began the quest for the Orb.
     0 | D:1      | Reached XP level 1. HP: 14/14 MP: 1/1
   335 | D:1      | Reached XP level 2. HP: 19/19 MP: 2/2
   823 | D:1      | Found a faded altar of an unknown god.
  1029 | D:2      | Reached skill level 2 in Axes
  1029 | D:2      | Reached XP level 3. HP: 22/24 MP: 3/3
  1735 | D:2      | Reached XP level 4. HP: 12/29 MP: 4/4
  2464 | D:3      | Reached skill level 3 in Axes
  2618 | D:3      | Noticed Grinder
  2631 | D:3      | Paralysed by Grinder for 5 turns
  2641 | D:3      | Found a runed translucent gate.
  2641 | D:3      | Found a runed translucent gate.
  2648 | D:3      | Killed Grinder
  2649 | D:3      | Reached skill level 4 in Axes
  2649 | D:3      | Reached XP level 5. HP: 21/34 MP: 5/5
  2649 | D:3      | Reached XP level 6. HP: 24/39 MP: 6/6
  2811 | D:3      | Found a runed translucent gate.
  2811 | D:3      | Found an opulent altar of Gozag.
  2811 | D:3      | Noticed xian's ghost (amateur DsRe)
  3247 | D:4      | Noticed a black bear
  3284 | D:4      | Killed a black bear
  3285 | D:4      | Reached skill level 5 in Axes
  3285 | D:4      | Reached XP level 7. HP: 16/44 MP: 7/7
  3303 | D:4      | Found a sand-covered staircase.
  3308 | Ossuary  | Entered an ossuary
  3773 | Ossuary  | Noticed Menkaure
  3785 | Ossuary  | Killed Menkaure
  3802 | Ossuary  | Slain by a mummy

Illustrated notes

Levels and vault maps discovered:
D:1:      giann_bridges, layout_basic, shapermc_ecumenical_altar_mp_urbaneastern
D:2:      layout_basic
D:3:      layout_basic, ebering_ghost_gozag, minmay_rat_hole, uniq_grinder
D:4:      layout_basic, enter_ossuary_5, minmay_box_of_dots
Ossuary:  ossuary_due_pyramid

Skill      XL: |  1  2  3  4  5  6 |
---------------+-------------------+-----
Axes           | 2 4 5 |  5.7
Fighting       | 4 |  4.9
Armour         | 4 |  4.4
Shields        | 4 |  4.1

Action                     |  1- 3 |  4- 6 |  7- 9 || total
---------------------------+-------+-------+-------++-------
  Melee: War axe           |   104 |   114 |   106 ||   324
    Use: Scroll            |    10 |     4 |       ||    14
 Armour: Scale mail        |    46 |       |       ||    46
         Chain mail        |    13 |    87 |    42 ||   142
  Dodge: Dodged            |    46 |    44 |    23 ||   113
  Block: Buckler           |    24 |    34 |    16 ||    74

Table legend: (Time is in decaauts)
 A = Elapsed time spent in this place.
 B = Non-inter-level travel time spent in this place.
 C = Inter-level travel time spent in this place.
 D = Time resting spent in this place.
 E = Time spent auto-exploring this place.
 F = Levels seen in this place.
 G = Mean time per level.
                   A        B        C        D        E       F      G
               +--------+--------+--------+--------+--------+-----+--------+
         Total |   3913 |   3811 |    102 |    586 |   2312 |   5 |  782.6 |
       Dungeon |   3391 |   3289 |    102 |    428 |   2165 |   4 |  847.8 |
       Ossuary |    521 |    521 |      0 |    158 |    147 |   1 |  521.0 |
               +--------+--------+--------+--------+--------+-----+--------+

Top non-repeatable levels by time:
     D:2: 1392 daAuts
     D:1: 983 daAuts
     D:3: 768 daAuts
 Ossuary: 521 daAuts
     D:4: 246 daAuts
